Unix NetHack Version 5.0.0-0 post-release - last build May 23 2026 06:08:33 (1c0ff79ee797540d5714e4e18072db0edd9e58ae,branch:main).

Game began 2026-05-27 16:15:28, ended 2026-05-27 16:28:57.

IanCurtis, chaotic male elven Wizard

                                  --
                                 --.---
                               ---....---
                              --........--   ----
                              |*.........--- -..|
                               -...........--...|
                               |...............--
                        ---  ---- -..G@.)f......|
                         ................`.<....---
                         ----------..........-....|
                                  |.-------.......|
                                  |.     --....*..-- |
                                  |      |...........|
                                         -..........--
                                        |...........|
                                        |...........-
                                        --........|..
                                         ----.....|---
                                            --..---
                                             ----
IanCurtis the Conjurer    St:13 Dx:13 Co:16 In:19 Wi:7 Ch:7  Chaotic
Dlvl:5  $:23 HP:0(24) Pw:18(33) AC:8  Xp:3 T:1473 

Latest messages:
 You see here 4 gold pieces.
 $ - 4 gold pieces (23 in total).
 You descend the stairs.
 In what direction? k
 The spell hits the pony!
 You kill the pony!
 You see here a pony corpse.
 There is a pony corpse here; eat it? [ynq] (n) y
 This pony corpse tastes okay.
 You finish eating the pony corpse.
 You see here a morning star.
 You climb up the stairs.
 You swap places with your kitten.
 You descend the stairs.
 With great effort you move the boulder.
 You hear crashing rock.
 You hit the gnome.
 The gnome hits!
 You hit the gnome.
 The gnome hits!
 The kitten bites the gnome.
 The gnome is killed!
 In what direction? h
 The spell hits the dwarf!
 You kill the dwarf!
 The kitten picks up a hooded cloak.
 F - a banana.
 G - a pick-axe.
 The gnome lord throws 2 daggers!
 You are hit by the 1st dagger.
 You are hit by the 2nd dagger.
 What do you want to adjust? [a-np-rtvx-zABD-G or ?*] G
 Adjust letter to what [osuwCG-Z] (? see used letters)? d
 Swapping: d - a pick-axe.
 In what direction? h
 The spell hits the gnome lord.
 The gnome lord throws 2 daggers!
 You are hit by the 1st dagger.
 You are almost hit by the 2nd dagger.
 The gnome lord wields a dagger!
 You hit the gnome lord.
 The gnome lord thrusts his dagger.
 The gnome lord hits!
 You see here 2 daggers.
 In what direction? h
 The spell hits the gnome lord.
 The gnome lord thrusts his dagger.
 The gnome lord hits!
 You die...
 Do you want your possessions identified? [ynq] (y) q

Inventory:
 Coins    ('$')
  $ - 23 gold pieces
 Weapons  (')')
  a - a blessed +1 quarterstaff (weapon in hands)
 Armor    ('[')
  A - an uncursed +0 orcish helm (being worn)
  b - an uncursed +0 cloak of magic resistance (being worn)
 Comestibles  ('%')
  F - an uncursed banana
 Scrolls  ('?')
  i - an uncursed scroll of blank paper
  q - an uncursed scroll of enchant armor
  p - a cursed scroll of enchant weapon
  B - a blessed scroll of light
  t - an uncursed scroll of magic mapping
  j - 2 uncursed scrolls of remove curse
  z - a blessed scroll of taming
 Spellbooks  ('+')
  l - a blessed spellbook of force bolt
  m - an uncursed spellbook of haste self
  x - an uncursed spellbook of healing
 Potions  ('!')
  f - an uncursed potion of enlightenment
  r - 3 uncursed potions of healing
  E - an uncursed potion of monster detection
  y - an uncursed potion of paralysis
  h - an uncursed potion of speed
  g - an uncursed potion of water
 Rings    ('=')
  G - an uncursed ring of cold resistance
  D - a cursed -1 ring of gain strength named cursed
  e - an uncursed ring of warning
  v - an uncursed ring of warning
 Wands    ('/')
  c - a wand of polymorph (0:5)
 Tools    ('(')
  n - a magic marker (0:20)
  d - a +0 pick-axe
  k - an uncursed skeleton key

IanCurtis the Wizard's attributes:

Background:
 You were a Conjurer, a level 3 male elven Wizard.
 You were chaotic, nominally on a mission for Anhur
 who was opposed by Ptah (lawful) and Thoth (neutral).
 You were right-handed.
 You were in the Gnomish Mines, on level 5.
 You entered the dungeon 1473 turns ago.
 You had 66 experience points, 14 more were needed to attain level 4.

Basics:
 You had 0 out of 24 hit points.
 You had 18 out of 33 energy points (spell power).
 Your armor class was 8.
 Your wallet contained 23 zorkmids.
 Autopickup was off.

Final Characteristics:
 Your strength was 13 (limit:18).
 Your dexterity was 13 (limit:18).
 Your constitution was 16 (limit:16).
 Your intelligence was 19 (limit:20).
 Your wisdom was 7 (limit:20).
 Your charisma was 7 (limit:18).

Final Status:
 You weren't hungry.
 You were unencumbered.
 You were wielding a quarterstaff.
 You had basic skill with quarterstaff.

Final Attributes:
 You were devoutly aligned.
 You were magic-protected.
 You had infravision.
 You were warded.
 You are dead.

Miscellaneous:
 You didn't encounter any bones levels.
 Total elapsed playing time was 13 minutes and 29 seconds.

Major events:
 Turn
    1: IanCurtis the chaotic male elven Wizard entered the dungeon
 1225: attained the rank of Conjurer (level 3)
 1450: entered the Gnomish Mines
 1473: killed by a gnome lord

Spells:
 Name                 Level Category     Fail Retention
 force bolt             1   attack         0%  91%-100%
 haste self             3   escape        81%  76%-100%
 healing                1   healing        0%  76%-100%

Skills:
 Fighting Skills
   bare handed combat [Unskilled]
   riding             [Unskilled]
 Weapon Skills
   dagger             [Unskilled]
   knife              [Unskilled]
   axe                [Unskilled]
   short sword        [Unskilled]
   club               [Unskilled]
   mace               [Unskilled]
   quarterstaff       [Basic]
   polearms           [Unskilled]
   spear              [Unskilled]
   trident            [Unskilled]
   sling              [Unskilled]
   dart               [Unskilled]
   shuriken           [Unskilled]
 Spellcasting Skills
   attack spells      [Basic]
   healing spells     [Unskilled]
   divination spells  [Unskilled]
   enchantment spells [Basic]
   clerical spells    [Unskilled]
   escape spells      [Unskilled]
   matter spells      [Unskilled]

Voluntary challenges:
 Character rerolling was not enabled.
 You were an atheist.
 You never genocided any monsters.
 You never polymorphed an object.
 You never changed form.
 You used no wishes.
Achievements:
 You entered a shop.
 You attained the rank of Conjurer.
 You entered the Gnomish Mines.

 The Dungeons of Doom: levels 1 to 5
    Level 1:
    Level 2:
       A fountain.
    Level 3:
       A potion shop, a grave.
    Level 4:
       A fountain.
       Stairs down to The Gnomish Mines.
    Level 5:
 The Gnomish Mines:
    Level 5: <- You were here.
       Final resting place for
          you, killed by a gnome lord.


Vanquished creatures:
  a pony
  a dwarf
  a hobbit
  2 giant rats
  a gnome
  3 geckos
  a jackal
  a fox
  3 kobolds
  3 goblins
  2 sewer rats
  2 grid bugs
  2 lichens
  a kobold zombie
  5 newts
29 creatures vanquished.

No species were genocided or became extinct.

Game over:
                       ----------
                      /          \
                     /    REST    \
                    /      IN      \
                   /     PEACE      \
                  /                  \
                  |    IanCurtis     |
                  |      23 Au       |
                  |   killed by a    |
                  |    gnome lord    |
                  |                  |
                  |                  |
                  |       2026       |
                 *|     *  *  *      | *
        _________)/\\_//(\/(/\)/\//\/|_)_______

Goodbye IanCurtis the Wizard...

You died in The Gnomish Mines on dungeon level 5 with 485 points,
and 23 pieces of gold, after 1473 moves.
You were level 3 with a maximum of 24 hit points when you died.

